 Dungeon Crawl Stone Soup version 0.29.1-12-g30fa7ad0bf (webtiles) character file.

Game seed: 4065019913574107074

158 xzight the Grasshopper (level 5, -2/43 HPs)
             Began as a Gnoll Warper on Dec 30, 2022.
             Killed from afar by an orc wizard (5 damage)
             ... with a puff of flame
             ... on level 3 of the Dungeon.
             The game lasted 00:04:13 (3039 turns).

xzight the Grasshopper (Gnoll Warper)               Turns: 3039, Time: 00:04:13

Health: -2/43      AC:  7    Str:  8 (10) XL:     5   Next: 39%
Magic:  12/12      EV: 12    Int: 12 (15) God:
Gold:   120        SH:  0    Dex:  9 (11) Spells: 14/14 levels left

rFire   . . .      SeeInvis .   q - +0 trident
rCold   . . .      Faith    .   (no shield)
rNeg    . . .      Spirit   .   b - +0 leather armour
rPois   .          Reflect  .   (no helmet)
rElec   .          Harm     .   (no cloak)
rCorr   .          Rampage  .   (no gloves)
Will    .....                   (no boots)
Stlth   +.........              (no amulet)
HPRegen 0.14/turn               Z - ring of wizardry
MPRegen 0.13/turn               T - +4 ring of protection

@: confused
A: fangs 1, strong nose, distributed training
a: no special abilities


You were on level 3 of the Dungeon.
You visited 1 branch of the dungeon, and saw 3 of its levels.

You collected 120 gold pieces.


Innate Abilities, Weirdness & Mutations

You have very sharp teeth.
Your uncanny sense of smell can sniff out nearby items.
Your experience applies equally to all skills.


   Skills:
 + Level 4.8 Fighting
 + Level 1.5 Short Blades
 + Level 1.5 Long Blades
 + Level 1.5 Axes
 + Level 1.5 Maces & Flails
 + Level 4.8 Polearms
 + Level 1.5 Staves
 + Level 1.5 Ranged Weapons
 + Level 3.0 Throwing
 + Level 3.0 Armour
 + Level 4.8 Dodging
 + Level 1.5 Stealth
 + Level 1.5 Shields
 + Level 1.5 Unarmed Combat
 + Level 5.2 Spellcasting
 + Level 1.2 Conjurations
 + Level 1.2 Hexes
 + Level 1.2 Summonings
 + Level 1.2 Necromancy
 + Level 5.5 Translocations
 + Level 1.2 Transmutations
 + Level 1.2 Fire Magic
 + Level 1.2 Ice Magic
 + Level 1.2 Air Magic
 + Level 1.2 Earth Magic
 + Level 1.2 Poison Magic
 + Level 1.7 Invocations
 + Level 1.5 Evocations


You had 14 spell levels left.
You didn't know any spells.
Your spell library contained the following spells:

 Spells                   Type           Power      Damage    Failure   Level
 Blink                    Tloc           32%        N/A       1%          2
 Gell's Gravitas          Tloc           16%        N/A       3%          3
 Lesser Beckoning         Tloc           16%        N/A       3%          3
 Teleport Other           Tloc           16%        N/A       3%          3
 Sting                    Tmut/Pois      24%        1d4       7%          1
 Poisonous Vapours        Pois/Air       12%        N/A       11%         2
 Inner Flame              Hex/Fire       6%         N/A       21%         3
 Manifold Assault         Tloc           16%        N/A       30%         5
 Cause Fear               Hex            3%         N/A       52%         4
 Olgreb's Toxic Radiance  Pois           6%         N/A       52%         4
 Discord                  Hex            3%         N/A       100%        8

Inventory:

Hand Weapons
 q - a +0 trident (weapon)
Missiles
 d - 7 boomerangs of dispersal {=f}
 l - 4 javelins (quivered)
 m - 2 poisoned darts
Armour
 b - a +0 leather armour (worn)
Jewellery
 C - a ring of ice
 T - a +4 ring of protection (right hand)
 Z - a ring of wizardry (left hand)
Scrolls
 c - a scroll of blinking
 g - 2 scrolls of identify {unknown}
 h - a scroll of silence {unknown}
 i - a scroll of butterflies {unknown}
 j - 2 scrolls of vulnerability {unknown}
 p - a scroll of fear {unknown}
 r - a scroll of enchant weapon {unknown}
Potions
 a - a potion of haste {@q3}
 e - a potion of degeneration
 f - a potion of mutation {unknown}
 k - a potion of attraction {unknown}
 n - a potion of berserk rage {unknown}
 o - a potion of curing {unknown}

Dungeon Overview and Level Annotations

Branches:
Dungeon (3/15)

Altars:

........# ........# #.#
#.## #######.# ........#
#.# #.## #.# ........# .#
..## #.# # #######.#
######' #
....)...########## .......
#
####.............###.......
# +............)'{'.......
## #............@###.......
.. #.............# .......
.. #.............# ..o....
.. #.............# o......
## #.............# .......
∆#.............# #######
##########


There were no monsters in sight!


Message History

The orc wizard gestures wildly while chanting.
The orc wizard flickers and vanishes!
Deactivating autopickup; reactivate with Ctrl-A.
You miss something.
You hear some strange, mumbled words.
A magic dart appears from out of thin air!
The magic dart hits you.
* * * LOW HITPOINT WARNING * * *
You miss something. Something hits you but does no damage.
You hit something but do no damage.
Something hits you but does no damage. x2
You miss something. Something hits you.
* * * LOW HITPOINT WARNING * * *
You miss something. Something hits you.
* * * LOW HITPOINT WARNING * * *
You closely miss something. Something hits you but does no damage.
You hit something but do no damage. Something hits you.
* * * LOW HITPOINT WARNING * * *
You miss something.
You hear some strange, mumbled words.
You are confused.
It was a potion of degeneration.
There was something very wrong with that liquid.
You feel weakened.
You feel dopey.
You feel clumsy. Something hits you.
* * * LOW HITPOINT WARNING * * *
Something hits you but does no damage.
You hear some strange, mumbled words.
A puff of flame appears from out of thin air!
The puff of flame hits you.
You die...

Skill      XL: |  1  2  3  4  5 |
---------------+----------------+-----
Spellcasting   | 5 |  5.2
Invocations    | 1 |  1.7
Short Blades   | 1 |  1.5
Long Blades    | 1 |  1.5
Axes           | 1 |  1.5
Maces & Flails | 1 |  1.5
Staves         | 1 |  1.5
Ranged Weapons | 1 |  1.5
Stealth        | 1 |  1.5
Shields        | 1 |  1.5
Unarmed Combat | 1 |  1.5
Evocations     | 1 |  1.5
Conjurations   | 1 |  1.2
Hexes          | 1 |  1.2
Summonings     | 1 |  1.2
Necromancy     | 1 |  1.2
Transmutations | 1 |  1.2
Fire Magic     | 1 |  1.2
Ice Magic      | 1 |  1.2
Air Magic      | 1 |  1.2
Earth Magic    | 1 |  1.2
Poison Magic   | 1 |  1.2
Throwing       | 3 |  3.0
Armour         | 3 |  3.0
Fighting       | |  4.8
Polearms       | |  4.8
Dodging        | |  4.8
Translocations | |  5.5

Action                   |  1- 3 |  4- 6 || total
-------------------------+-------+-------++-------
Melee: Spear             |   153 |       ||   153
       Bite              |    14 |    12 ||    26
       Trident           |     7 |   147 ||   154
       Punch             |     1 |     1 ||     2
  Use: Potion            |       |     1 ||     1
 Stab: Sleeping          |       |     1 ||     1
Armor: Leather armour    |    49 |    35 ||    84
Dodge: Dodged            |    60 |    44 ||   104

Levels and vault maps discovered:
D:1:      nicolae_arrival_washed_ashore, layout_rooms,
          shapermc_ecumenical_altar_starsandcircs
D:2:      layout_basic, kennysheep_generic_room_16
D:3:      layout_basic, gammafunk_temple_overflow_claw

Notes
Turn   | Place    | Note
-------+----------+-------------------------------------------
     0 | D:1      | xzight the Gnoll Warper began the quest for the Orb.
     0 | D:1      | Reached XP level 1. HP: 20/20 MP: 6/6
    30 | D:1      | Found a faded altar of an unknown god.
   183 | D:1      | Reached XP level 2. HP: 20/26 MP: 7/7
   698 | D:1      | Reached skill level 5 in Spellcasting
   698 | D:1      | Reached XP level 3. HP: 31/31 MP: 7/9
  1090 | D:2      | Reached skill level 1 in Invocations
  1443 | D:2      | Reached skill level 1 in Short Blades
  1443 | D:2      | Reached skill level 1 in Long Blades
  1443 | D:2      | Reached skill level 1 in Axes
  1443 | D:2      | Reached skill level 1 in Maces & Flails
  1443 | D:2      | Reached skill level 1 in Staves
  1443 | D:2      | Reached skill level 1 in Ranged Weapons
  1443 | D:2      | Reached skill level 1 in Stealth
  1443 | D:2      | Reached skill level 1 in Shields
  1443 | D:2      | Reached skill level 1 in Unarmed Combat
  1443 | D:2      | Reached skill level 1 in Evocations
  1929 | D:3      | Reached XP level 4. HP: 38/38 MP: 11/11
  2044 | D:3      | Reached skill level 1 in Conjurations
  2044 | D:3      | Reached skill level 1 in Hexes
  2044 | D:3      | Reached skill level 1 in Summonings
  2044 | D:3      | Reached skill level 1 in Necromancy
  2044 | D:3      | Reached skill level 1 in Transmutations
  2044 | D:3      | Reached skill level 1 in Fire Magic
  2044 | D:3      | Reached skill level 1 in Ice Magic
  2044 | D:3      | Reached skill level 1 in Air Magic
  2044 | D:3      | Reached skill level 1 in Earth Magic
  2044 | D:3      | Reached skill level 1 in Poison Magic
  2523 | D:3      | Reached XP level 5. HP: 36/43 MP: 12/12
  2886 | D:3      | Reached skill level 3 in Throwing
  2886 | D:3      | Reached skill level 3 in Armour
  3038 | D:3      | HP: 3/43 [something (3)]
  3039 | D:3      | Killed from afar by an orc wizard

Vanquished Creatures
  An orc wizard (D:3)
  4 gnolls (D:3)
  3 adders
  4 worms
  2 dart slugs (D:1)
  3 orcs (D:3)
  8 bats
  4 endoplasms
  2 giant cockroaches (D:3)
  5 hobgoblins
  7 kobolds
  A quokka (D:1)
  5 ball pythons
  3 frilled lizards
  5 goblins
  5 rats
62 creatures vanquished.

Table legend: (Time is in decaauts)
 A = Elapsed time spent in this place.
 B = Non-inter-level travel time spent in this place.
 C = Inter-level travel time spent in this place.
 D = Time resting spent in this place.
 E = Time spent auto-exploring this place.
 F = Levels seen in this place.
 G = Mean time per level.
                   A        B        C        D        E       F      G
               +--------+--------+--------+--------+--------+-----+--------+
         Total |   3029 |   2957 |     72 |    268 |   2084 |   3 | 1009.7 |
       Dungeon |   3029 |   2957 |     72 |    268 |   2084 |   3 | 1009.7 |
               +--------+--------+--------+--------+--------+-----+--------+

Top non-repeatable levels by time:
     D:3: 1201 daAuts
     D:2: 939 daAuts
     D:1: 889 daAuts

Table legend:
 A = Non-vault XP
 B = Vault XP
 C = Vault XP percentage of total XP
 D = Non-vault monster count
 E = Vault monster count
 F = Vault count percentage of total count
                 A         B        C        D         E       F
            +---------+---------+-------+---------+---------+-------
      Total |     223 |       3 |   1.3 |      60 |       2 |   3.2
            +---------+---------+-------+---------+---------+-------
        D:1 |      36 |       0 |   0.0 |      19 |       0 |   0.0
        D:2 |      37 |       3 |   7.5 |      15 |       2 |  11.8
        D:3 |     150 |       0 |   0.0 |      26 |       0 |   0.0
            +---------+---------+-------+---------+---------+-------
